 Dungeon Crawl Stone Soup version 0.27.0-1-g7a089689b8 (webtiles) character file.

Game seed: 3801209725917605782

90340 SnakkuSnakku7 the Executioner (level 15, -8/141 HPs)
             Began as a Minotaur Berserker on Aug 11, 2021.
             Was a High Priest of Trog.
             Killed from afar by a spriggan air mage (30 damage)
             ... with a bolt of lightning
             ... on level 1 of the Depths.
             The game lasted 00:23:20 (14251 turns).

SnakkuSnakku7 the Executioner (Minotaur Berserker) Turns: 14251, Time: 00:23:20

Health: -8/141     AC: 22    Str: 28    XL:     15   Next: 51%
Magic:  14/14      EV: 12    Int:  4    God:    Trog [*****.]
Gold:   1570       SH:  5    Dex: 13    Spells: 14/14 levels left

rFire    + . .     SeeInvis .   a - +7 executioner's axe of Evveomnu {vamp, Will+}
rCold    + . .     Faith    .   (shield currently unavailable)
rNeg     . . .     Spirit   .   p - +2 chain mail {rF+}
rPois    .         Reflect  +   (helmet restricted)
rElec    .         Harm     .   j - +0 cloak
rCorr    .         Rampage  .   J - +0 pair of gloves
Will     ++...                  d - +1 pair of boots
Stlth    ..........             k - amulet of reflection
HPRegen  0.33/turn              P - ring of Wasaw {AC+4 Str+3}
MPRegen  0.14/turn              D - ring of protection from cold

@: no status effects
A: horns 2, retaliatory headbutt
a: Renounce Religion, Berserk, Trog's Hand, Brothers in Arms


You were on level 1 of the Depths.
You worshipped Trog.
Trog was extremely pleased with you.
You visited 2 branches of the dungeon, and saw 16 of its levels.
You also visited: Ossuary and Bailey.

You collected 1954 gold pieces.
You spent 384 gold pieces at shops.

Inventory:

Hand Weapons
 a - the +7 executioner's axe of Evveomnu (weapon) {vamp, Will+}
   (You acquired it on level 14 of the Dungeon)

   It occasionally heals its wielder for a portion of the damage dealt when it
   wounds a living foe.
   Will:      It increases your willpower.
 b - a +4 antimagic battleaxe
 w - a +3 battleaxe of flaming
Missiles
 o - 4 throwing nets (quivered)
 H - 17 curare-tipped darts
Armour
 d - a +1 pair of boots (worn)
 j - a +0 cloak (worn)
 p - a +2 chain mail of fire resistance (worn)
 E - a +0 tower shield
 J - a +0 pair of gloves (worn)
Jewellery
 k - an amulet of reflection (around neck)
 D - a ring of protection from cold (right hand)
 N - a ring of positive energy
 P - the ring of Wasaw (left hand) {AC+4 Str+3}
   (You found it on level 12 of the Dungeon)

   [ring of protection]

   AC:        It affects your AC (+4).
   Str:       It affects your strength (+3).
 R - a ring of see invisible
Wands
 f - a wand of paralysis (12)
 y - a wand of digging (3)
 F - a wand of charming (10)
 G - a wand of polymorph (11)
 K - a wand of flame (12)
 Q - a wand of iceblast (17)
Scrolls
 e - 5 scrolls of blinking
 h - 4 scrolls of fog
 i - 7 scrolls of teleportation
 r - 2 scrolls of fear
 s - 4 scrolls of enchant armour
 u - 3 scrolls of magic mapping
 C - 3 scrolls of holy word
Potions
 c - 3 potions of haste
 l - a potion of invisibility
 m - a potion of resistance {unknown}
 n - 9 potions of curing
 q - 4 potions of heal wounds
 t - 5 potions of might
 v - a potion of mutation
 x - 2 potions of ambrosia
 z - 3 potions of attraction
 A - 3 potions of lignification
 I - 2 potions of berserk rage
 L - a potion of cancellation {unknown}
 O - a potion of magic
Miscellaneous
 g - a condenser vane


   Skills:
 - Level 15.0 Fighting
 + Level 22.4 Axes
 - Level 10.0 Armour
 - Level 8.1 Dodging
 - Level 8.8 Evocations


You had 14 spell levels left.
You didn't know any spells.
Your spell library was empty.

Dungeon Overview and Level Annotations

Branches:
Dungeon (15/15)            Temple (0/1) D:7            Lair (0/6) D:9
    Orc (0/2) D:9          Vaults (0/5) D:13         Depths (1/5) D:15
Ossuary (visited)          Bailey (visited)

Altars:
Elyvilon
Gozag
Hepliaklqana
Kikubaaqudgha
Makhleb
Okawaru
Vehumet
Wu Jian
Xom
Yredelemnul
Zin
The Shining One

Shops:
D:3 (   D:4 [   D:6 (   D:14 *(*::

Annotations:
Depths:1 2 runed translucent doors


Innate Abilities, Weirdness & Mutations

You have a pair of horns on your head.
You reflexively headbutt those who attack you in melee.


Message History

The bolt of lightning hits you!
Unknown command.
The spriggan air mage waves its arms in wide circles.
The air twists around and strikes you.
Things that are here:
6 large rocks; a stone giant corpse You cut the spriggan air mage into ribbons!!!
You feel better.
The spriggan air mage is almost dead.
The spriggan air mage hits you with a +0 long sword!
You closely miss the spriggan air mage.
The spriggan air mage is severely wounded.
The spriggan air mage hits you with a +0 long sword.
You hit the spriggan air mage but do no damage.
The spriggan air mage is severely wounded.
The spriggan air mage misses you.
You miss the spriggan air mage.
The spriggan air mage is severely wounded.
The spriggan air mage waves its arms in wide circles.
The air twists around and strikes you!
* * * LOW HITPOINT WARNING * * *
You barely miss the spriggan air mage.
Your headbutt misses the spriggan air mage.
The spriggan air mage is severely wounded.
The spriggan air mage casts a spell at you.
The bolt of lightning hits you!!
* * * LOW HITPOINT WARNING * * *
You barely miss the spriggan air mage. You headbutt the spriggan air mage.
The spriggan air mage is severely wounded.
The spriggan air mage waves its arms in wide circles.
The air twists around and strikes you!
* * * LOW HITPOINT WARNING * * *
Blink to where?
Press: ? - help, Dir - move target
As you read the scroll of blinking, it crumbles to dust.
A salamander tyrant comes into view.
You feel much better.
The spriggan air mage casts a spell at you.
The bolt of lightning hits you!!
You die...

##.# #.# ##..#
#.# #(..# #.#
.......#i## #.#
......##.####.#
......#.[.....#
..... #..###.[#
##.## #[.# #..#
## ##†@###..#
#..###...#
#.......##
#'''#####
#8...8# #≈.N.≈#
#§..§§# #≈...≈#
#≈D.§8#


You could see a salamander tyrant and a spriggan air mage (repels missiles).

Vanquished Creatures
  Jorgrun (D:15)
  Rupert (D:12)
  A lich (Depths:1)
  4 very ugly things (Depths:1)
  A stone giant (Depths:1)
  Josephine (D:13)
  5 fire dragons (Depths:1)
  A great orb of eyes (Depths:1)
  5 hydras
  2 rakshasas
  4 vault guards (D:13)
  6 boulder beetles
  2 ogre magi
  6 centaur warriors
  5 two-headed ogres
  2 deep troll earth magi (Depths:1)
  11 skeletal warriors
  The ghost of Cheops the Prestidigitator, a novice DsGl of Ru (D:8)
  A flayed ghost (D:15)
  A glowing orange brain (Depths:1)
  A wizard (D:13)
  2 orc knights
  A wolf spider zombie (D:12)
  Pikel (D:5)
  A necromancer (D:15)
  2 tengu zombies (D:15)
  3 deep elf pyromancers
  6 manticores
  7 cyclopes
  A fire giant zombie (D:15)
  17 ugly things
  Maurice (D:11)
  3 gargoyles
  2 unseen horrors
  A spriggan zombie (D:15)
  2 freezing wraiths (D:11)
  2 kobold demonologists
  A yaktaur (D:11)
  3 efreet (D:11)
  4 tengu conjurers
  6 trolls
  A wind drake (shapeshifter) (D:13)
  2 hornets
  2 meliai zombies (D:12)
  23 slime creatures
  9 yaks
  2 vampires
  A wyvern (D:9)
  A shadow (D:9)
  9 wraiths
  A human (D:13)
  Sigmund (D:5)
  2 basilisks
  5 vampire mosquitoes
  An acid dragon (D:9)
  A two-headed ogre zombie (D:9)
  A water moccasin (D:5)
  Duvessa (D:5)
  9 orc warriors
  4 sky beasts
  A hornet zombie (D:8)
  4 ogres
  3 necrophages (D:7)
  2 phantoms
  11 centaurs
  A lemure (D:5)
  13 kobold brigands
  3 bullfrogs
  2 gnoll sergeants
  2 elf zombies (Ossuary)
  Dowan (D:5)
  3 scorpions
  2 troll zombies (D:9)
  A water moccasin skeleton (D:6)
  A wight (D:7)
  15 killer bees
  7 howler monkeys
  An electric eel (D:9)
  A crimson imp (D:8)
  3 jellies
  9 orc priests
  A gnoll shaman (D:9)
  20 centaur zombies
  2 hounds
  Terence (D:3)
  An iguana (D:5)
  8 orc wizards
  A killer bee zombie (D:7)
  5 ogre zombies (D:9)
  2 hound skeletons
  2 mummies (Ossuary)
  A howler monkey zombie (D:10)
  20 gnolls
  A howler monkey skeleton (D:7)
  8 adders
  2 shadow imps
  4 white imps
  2 ufetubi
  An adder zombie (Ossuary)
  An adder skeleton (D:4)
  2 worms
  8 dart slugs
  43 orcs
  6 bats
  10 endoplasms
  2 giant cockroaches (D:1)
  12 hobgoblins
  9 jackals
  42 kobolds
  A quokka (D:3)
  7 ball pythons
  2 frilled lizards
  15 goblins
  4 goblin skeletons (D:9)
  3 goblin zombies (D:9)
  3 hobgoblin skeletons (D:9)
  14 hobgoblin zombies
  A jackal zombie (Ossuary)
  9 kobold zombies (Ossuary)
  2 orc skeletons (D:9)
  18 orc zombies
  5 rats
  2 rat zombies (Ossuary)
593 creatures vanquished.

Vanquished Creatures (others)
  An orc (D:9)
  16 plants (D:5)
  3 withered plants (D:15)
20 creatures vanquished.

Grand Total: 613 creatures vanquished

Notes
Turn   | Place    | Note
-------+----------+-------------------------------------------
     0 | D:1      | SnakkuSnakku7 the Minotaur Berserker began the quest for
                  | the Orb.
     0 | D:1      | Reached XP level 1. HP: 19/19 MP: 0/0
    99 | D:1      | Reached skill level 4 in Axes
    99 | D:1      | Reached XP level 2. HP: 17/27 MP: 1/1
   592 | D:1      | Reached XP level 3. HP: 18/34 MP: 2/2
   942 | D:2      | Reached ** piety under Trog
  1144 | D:2      | Found a faded altar of an unknown god.
  1284 | D:2      | Reached skill level 5 in Fighting
  1284 | D:2      | Reached skill level 5 in Axes
  1284 | D:2      | Reached XP level 4. HP: 42/42 MP: 3/3
  1766 | D:3      | Noticed Terence
  1772 | D:3      | Killed Terence
  1773 | D:3      | Reached XP level 5. HP: 48/48 MP: 4/4
  2021 | D:3      | Reached *** piety under Trog
  2077 | D:3      | Found Gudagi's Antique Weapon Shop.
  2276 | D:4      | Found a white marble altar of Elyvilon.
  2276 | D:4      | Found an ornate altar of the Wu Jian Council.
  2277 | D:4      | Found an opulent altar of Gozag.
  2290 | D:4      | Noticed an ogre
  2299 | D:4      | Reached skill level 6 in Axes
  2401 | D:4      | Killed an ogre
  2402 | D:4      | Reached XP level 6. HP: 58/58 MP: 5/5
  2536 | D:4      | Reached skill level 7 in Axes
  2668 | D:4      | Found Buepten's Antique Armour Boutique.
  2964 | D:5      | Entered Level 5 of the Dungeon
  3032 | D:5      | Reached XP level 7. HP: 52/66 MP: 6/6
  3157 | D:5      | Noticed Pikel
  3167 | D:5      | Paralysed by Pikel for 3 turns
  3172 | D:5      | Killed Pikel
  3172 | D:5      | Reached **** piety under Trog
  3173 | D:5      | Reached skill level 9 in Axes
  3173 | D:5      | Reached XP level 8. HP: 65/74 MP: 7/7
  3307 | D:5      | Found a hazy altar of Hepliaklqana.
  3334 | D:5      | Noticed Duvessa
  3335 | D:5      | Noticed Dowan
  3339 | D:5      | Reached skill level 10 in Axes
  3344 | D:5      | Killed Duvessa
  3346 | D:5      | Killed Dowan
  3364 | D:5      | Noticed Sigmund
  3374 | D:5      | Killed Sigmund
  3375 | D:5      | Reached skill level 11 in Axes
  3478 | D:5      | Found a radiant altar of Vehumet.
  3963 | D:6      | Found an ancient bone altar of Kikubaaqudgha.
  3978 | D:6      | Reached skill level 12 in Axes
  4098 | D:6      | Reached XP level 9. HP: 16/81 MP: 8/8
  4190 | D:6      | Found Xeipaun's Antique Weapon Emporium.
  4568 | D:7      | Reached skill level 13 in Axes
  4668 | D:7      | Found a sand-covered staircase.
  4677 | Ossuary  | Entered an ossuary
  4729 | Ossuary  | Reached ***** piety under Trog
  4757 | Ossuary  | Reached skill level 14 in Axes
  4909 | D:7      | Found a staircase to the Ecumenical Temple.
  4932 | D:7      | Found a flagged portal.
  4988 | Bailey   | Entered a bailey
  5108 | Bailey   | Reached skill level 15 in Axes
  5226 | Bailey   | Reached XP level 10. HP: 46/88 MP: 9/9
  5342 | D:7      | Received a gift from Trog
  5449 | D:7      | Found a glowing golden altar of the Shining One.
  6101 | D:8      | Found a burning altar of Makhleb.
  6102 | D:8      | Found a shimmering altar of Xom.
  6208 | D:8      | Found a runed translucent gate.
  6228 | D:8      | Noticed Cheops's ghost (novice DsGl)
  6229 | D:8      | Found a runed translucent gate.
  6230 | D:8      | Found a runed translucent gate.
  6252 | D:8      | Noticed a soul eater
  6257 | D:8      | Reached skill level 5 in Armour
  6261 | D:8      | Killed Cheops's ghost
  6262 | D:8      | Reached skill level 16 in Axes
  6784 | D:9      | Found a staircase to the Lair.
  6832 | D:9      | Noticed a two-headed ogre
  6839 | D:9      | Killed a two-headed ogre
  6980 | D:9      | Reached XP level 11. HP: 53/94 MP: 10/10
  7018 | D:9      | Found an iron altar of Okawaru.
  7037 | D:9      | Noticed a centaur warrior
  7047 | D:9      | Killed a centaur warrior
  7348 | D:9      | Received a gift from Trog
  7360 | D:9      | Reached skill level 17 in Axes
  7362 | D:9      | Found a staircase to the Orcish Mines.
  7483 | D:9      | Noticed a white ugly thing
  7488 | D:9      | Killed a white ugly thing
  7573 | D:9      | Reached skill level 10 in Armour
  7785 | D:9      | Found a glowing silver altar of Zin.
  7872 | D:10     | Entered Level 10 of the Dungeon
  8781 | D:11     | Reached skill level 18 in Axes
  8935 | D:11     | Found a runed translucent door.
  8976 | D:11     | Reached skill level 10 in Fighting
  8976 | D:11     | Noticed a four-headed hydra
  8986 | D:11     | Killed a one-headed hydra
  8987 | D:11     | Reached XP level 12. HP: 81/107 MP: 11/11
  9040 | D:11     | Noticed a two-headed ogre
  9047 | D:11     | Killed a two-headed ogre
  9136 | D:11     | Noticed a six-headed hydra
  9160 | D:11     | Killed a four-headed hydra
  9273 | D:11     | Identified the ring "Tihoqeali" {Ice rN+}
  9306 | D:11     | Identified the +9 hand crossbow of Dim Light {elec, rPois
                  | Int+6}
  9396 | D:11     | Noticed a six-headed hydra
  9399 | D:11     | Noticed a rakshasa
  9401 | D:11     | Killed a four-headed hydra
  9411 | D:11     | Killed a rakshasa
  9848 | D:11     | Noticed Maurice
  9900 | D:11     | Killed Maurice
  9900 | D:11     | Received a gift from Trog
  9955 | D:11     | Noticed a two-headed ogre
  9958 | D:11     | Killed a two-headed ogre
 10086 | D:12     | Noticed Rupert
 10089 | D:12     | Paralysed by Rupert for 4 turns
 10097 | D:12     | Killed Rupert
 10098 | D:12     | Reached skill level 15 in Fighting
 10098 | D:12     | Reached XP level 13. HP: 126/126 MP: 12/12
 10111 | D:12     | Identified the ring of Wasaw {AC+4 Str+3}
 10123 | D:12     | Found a basalt altar of Yredelemnul.
 10131 | D:12     | Reached skill level 5 in Dodging
 10443 | D:12     | Reached skill level 1 in Evocations
 11139 | D:13     | Noticed Josephine
 11142 | D:13     | Reached skill level 5 in Evocations
 11150 | D:13     | Killed Josephine
 11494 | D:13     | Found a gate to the Vaults.
 11844 | D:14     | Found Riemyasu's Book Shoppe.
 11850 | D:14     | Found Xaisayl's General Store.
 11871 | D:14     | Bought a scroll of fog for 28 gold pieces
 11871 | D:14     | Bought 2 potions of might for 112 gold pieces
 11871 | D:14     | Bought a scroll of fog for 28 gold pieces
 11887 | D:14     | Reached XP level 14. HP: 135/135 MP: 13/13
 11961 | D:14     | Found Mannix's Assorted Antiques.
 11970 | D:14     | Bought a bubbling green potion for 28 gold pieces
 11970 | D:14     | Bought a potion of might for 128 gold pieces
 11970 | D:14     | Bought a scroll labelled BAP QANOESU for 32 gold pieces
 11970 | D:14     | Bought a metallic brown potion for 28 gold pieces
 11970 | D:14     | Acquired the +7 executioner's axe of Evveomnu {vamp, Will+}
 12020 | D:14     | Found Utul's Antique Weapon Emporium.
 12277 | D:14     | Received a gift from Trog
 12352 | D:14     | Found Wutteym's Book Shop.
 12516 | D:15     | Entered Level 15 of the Dungeon
 12537 | D:15     | Reached skill level 19 in Axes
 12639 | D:15     | Identified the +0 morningstar of the Establishment {pain,
                  | Str+3}
 12852 | D:15     | Noticed Jorgrun
 12866 | D:15     | Killed Jorgrun
 12867 | D:15     | Reached skill level 20 in Axes
 13116 | D:15     | Found a staircase to the Depths.
 13203 | D:15     | Reached XP level 15. HP: 80/141 MP: 4/14
 13416 | D:15     | Reached skill level 21 in Axes
 13785 | D:15     | Found a hazy altar of Hepliaklqana.
 13911 | Depths:1 | Entered Level 1 of the Depths
 13924 | Depths:1 | Found a runed translucent door.
 13931 | Depths:1 | Noticed a lich
 13950 | Depths:1 | Killed a lich
 13960 | Depths:1 | Noticed a frost giant
 14111 | Depths:1 | Received a gift from Trog
 14119 | Depths:1 | Reached skill level 22 in Axes
 14128 | Depths:1 | Found a runed translucent door.
 14133 | Depths:1 | Noticed a juggernaut
 14249 | Depths:1 | HP: 3/141 [spriggan air mage/the air (10)]
 14251 | Depths:1 | Killed from afar by a spriggan air mage

Illustrated notes

Levels and vault maps discovered:
D:1:      onia_arrival_pentagram, layout_basic
D:2:      layout_loops_ring, shapermc_ecumenical_altar_pompeii, serial_rivers,
          chequers_serial_rivers_large_b, chequers_serial_rivers_micro_e,
          chequers_serial_rivers_small_b, chequers_serial_rivers_room_b,
          chequers_serial_rivers_room_a, chequers_serial_rivers_micro_c,
          minmay_misc_feat_pillars, grunt_decor_resistance
D:3:      layout_rooms, serial_shops, shop_statue, hex_intersection,
          uniq_terence
D:4:      layout_basic, chequers_temple_overflow_statue_of_worship,
          serial_shops, nicolae_shop_stone, amcnicky_mini_pool_small,
          grunt_tough_drop
D:5:      layout_cave_pools, nicolae_overflow_crystal_walls,
          kennysheep_mini_moat, serial_bayou_lagoon_a, uniq_sigmund, uniq_pikel,
          uniq_duvessa
D:6:      layout_basic, mainiacjoe_overflow_24_doors, serial_shops,
          kennysheep_mini, serial_glass, glass_columns_a, glass_columns_a
D:7:      layout_rooms, mainiacjoe_overflow_cross_hatched,
          minmay_temple_entry_statues, enter_bailey_3, enter_ossuary_1,
          minmay_starry_boxes
D:8:      layout_gridville, grunt_temple_overflow_champion_of_chaos,
          gammafunk_ghost_nasty_kobolds, hex_medium, st_stairs_7
D:9:      argonaut_augean_stables, layout_irregular_city,
          mainiacjoe_overflow_concentric_impassable,
          lemuel_coloured_pillars_altar, lair_entry_dummy, zombieorc2_lemuel,
          minmay_strange_pillars, kb_rosetta
D:10:     layout_loops_corners
D:11:     minmay_the_grid_triangle_9x9_recursive_3_mashed
          [minmay_the_grid_triangle_9x9_minimal,
          minmay_the_grid_triangle_9x9_zippers_vertical,
          minmay_the_grid_triangle_9x9_cache,
          minmay_the_grid_triangle_9x9_prize_insulated,
          minmay_the_grid_triangle_9x9_subtriangle,
          minmay_the_grid_triangle_9x9_corruption,
          minmay_the_grid_triangle_9x9_alien,
          minmay_the_grid_triangle_9x9_sparse_checkered,
          minmay_the_grid_triangle_9x9_negative_grid], layout_long_grid,
          uniq_maurice
D:12:     layout_roguey, nicolae_yredelemnul_corpse_copse, uniq_rupert
D:13:     layout_long_grid, grunt_vaults_entry_fortified, uniq_josephine
D:14:     layout_basic, serial_shops, nicolae_shop_statue_plus, shop,
          kennysheep_little_box, nicolae_shop_behind_doors,
          nicolae_shop_temple_entry_statues_fountains
D:15:     gammafunk_depths_entry_grave, layout_layer_cave, dk_noncrumbling_4,
          st_stairs_10, nzn_hepliaklqana_mist_gate, uniq_jorgrun
Depths:1: minmay_expanding_circles, layout_basic, hell_entry,
          hangedman_decor_points, hellmonk_guarded_unrand_salamander

Skill      XL: |  1  2  3  4  5  6  7  8  9 10 11 12 13 14 15 |
---------------+----------------------------------------------+-----
Fighting       | 4 5 6 7 8 10 15 | 15.0
Axes           | 4 5 6 7 9 12 15 16 18 20 22 | 22.4
Armour         | 8 10 | 10.0
Dodging        | 3 8 |  8.1
Evocations     | 8 |  8.8

Action                   |  1- 3 |  4- 6 |  7- 9 | 10-12 | 13-15 || total
-------------------------+-------+-------+-------+-------+-------++-------
Melee: Hand axe          |    79 |   137 |     4 |       |       ||   220
       Headbutt          |    14 |    22 |    54 |    89 |   153 ||   332
       War axe           |       |       |   303 |    17 |       ||   320
       Battleaxe         |       |       |       |   407 |   246 ||   653
       Executioner's axe |       |       |       |       |   294 ||   294
Invok: Berserk           |     1 |     4 |     7 |    11 |     7 ||    30
       Trog's Hand       |       |     1 |     3 |     5 |     2 ||    11
  Use: Scroll            |       |       |    15 |     7 |     7 ||    29
       Potion            |       |       |       |       |     3 ||     3
Armor: Animal skin       |    13 |     3 |       |       |       ||    16
       Chain mail        |       |    83 |   192 |   250 |   326 ||   851
Dodge: Dodged            |    44 |    70 |   135 |   163 |   266 ||   678
Block: Other             |       |       |       |    27 |   127 ||   154
       Reflection        |       |       |       |     1 |    10 ||    11
